 Dungeon Crawl Stone Soup version 0.20.1-1-g8b1a95d66d (webtiles) character file.

2886 krawu420 the Grappler (level 9, -12/83 HPs)
             Began as a Troll Berserker on Dec 11, 2017.
             Was an Elder of Trog.
             Mangled by a two-headed ogre
             ... wielding a +0 giant club
              (28 damage)
             ... on level 8 of the Dungeon.
             The game lasted 00:55:01 (6833 turns).

krawu420 the Grappler (Troll Berserker)             Turns: 6833, Time: 00:55:01

Health: -12/83     AC:  5    Str: 27    XL:     9   Next: 48%
Magic:  8/8        EV: 11    Int:  3    God:    Trog [****..]
Gold:   450        SH:  2    Dex: 12    Spells: 8/8 levels left

rFire    . . .     SeeInvis .     - Unarmed
rCold    + . .     Gourm    +   (no shield)
rNeg     . . .     Faith    .   a - +0 animal skin
rPois    .         Spirit   .   (helmet restricted)
rElec    .         Reflect  +   y - scarf {cloud immunity}
rCorr    .         Harm     .   (gloves unavailable)
MR       .....                  (boots unavailable)
Stlth    ++........             C - +2 amulet of reflection
Regen    0.7/turn               i - ring of protection from cold
MPRegen  0.2/turn               (no ring)

@: no status effects
A: unfitting armour, claws 3, fast metabolism 3, gourmand, regeneration 1,
shaggy fur 1, tough skin 2
a: Berserk, Trog's Hand, Brothers in Arms, Burn Spellbooks, Renounce Religion


You were on level 8 of the Dungeon.
You worshipped Trog.
Trog was greatly pleased with you.
You were hungry.

You visited 2 branches of the dungeon, and saw 9 of its levels.
You also visited: Ossuary.

You collected 450 gold pieces.

Inventory:

Hand Weapons
 D - a +0 giant club
 E - a +2 antimagic dagger
 K - a cursed -2 dagger
 O - a +0 dagger of venom
Missiles
 F - 5 large rocks (quivered)
Armour
 a - a +0 animal skin (worn)
 y - a scarf of cloud immunity (worn)
Magical Staves
 l - an uncursed staff of death {unknown}
Jewellery
 i - a ring of protection from cold (left claw)
 C - a +2 amulet of reflection (around neck)
Wands
 G - a wand of polymorph (12/24)
 M - a wand of random effects (17/48)
Scrolls
 c - 5 scrolls of teleportation
 f - 2 scrolls of remove curse
 h - 2 scrolls of enchant armour {unknown}
 j - 3 scrolls of immolation {unknown}
 k - 2 scrolls of amnesia {unknown}
 m - 3 scrolls of blinking
 o - a scroll of noise {unknown}
 q - a scroll of magic mapping {unknown}
 s - 4 scrolls of random uselessness
 u - 2 scrolls of fog
 w - 4 scrolls of enchant weapon
 H - a scroll of recharging {unknown}
 N - a scroll of acquirement {unknown}
Potions
 d - 2 potions of heal wounds {unknown}
 e - 3 potions of curing
 g - a potion of ambrosia
 p - a potion of resistance {unknown}
 t - 2 potions of flight
 v - 4 potions of degeneration
 x - 4 potions of lignification
 z - a potion of agility {unknown}
 A - 3 potions of mutation
 B - a potion of berserk rage {unknown}
 I - 2 potions of brilliance {unknown}
Books
 n - a book of Changes

   Spells                             Type                      Level
   a - Beastly Appendage              Transmutation                1
   b - Sticks to Snakes               Transmutation                2
   c - Spider Form                    Transmutation/Poison         3
   d - Ice Form                       Ice/Transmutation            4
   e - Blade Hands                    Transmutation                5
   Trog disapproves of the use of such an item.
 J - a book of Frost

   Spells                             Type                      Level
   a - Freeze                         Ice                          1
   b - Throw Frost                    Conjuration/Ice              2
   c - Ozocubu's Armour               Charms/Ice                   3
   d - Throw Icicle                   Conjuration/Ice              4
   e - Summon Ice Beast               Ice/Summoning                4
   Trog disapproves of the use of such an item.
 P - a book of Necromancy

   Spells                             Type                      Level
   a - Pain                           Necromancy                   1
   b - Animate Skeleton               Necromancy                   1
   c - Vampiric Draining              Necromancy                   3
   d - Regeneration                   Charms/Necromancy            3
   e - Animate Dead                   Necromancy                   4
   f - Control Undead                 Necromancy                   4
   Trog disapproves of the use of such an item.
Comestibles
 b - 7 bread rations
 r - 2 meat rations
 L - 2 royal jellies


   Skills:
 + Level 3.4 Fighting
 * Level 4.0 Armour
 + Level 4.2 Dodging
 + Level 1.4 Stealth
 * Level 11.0 Unarmed Combat


You had 8 spell levels left.
You didn't know any spells.

Dungeon Overview and Level Annotations

Branches:
Dungeon (8/15)             Temple (1/1) D:5
   Lair: D:8-11

Altars:
Ashenzari
Cheibriados
Dithmenos
Elyvilon
Fedhas
Gozag
Hepliaklqana
Kikubaaqudgha
Makhleb
Nemelex Xobeh
Okawaru
Qazlal
Ru
Sif Muna
Trog
Uskayaw
Vehumet
Xom
Yredelemnul
Zin
The Shining One

Shops:
D:5 =


Innate Abilities, Weirdness & Mutations

You are too large for most types of armour.
You have claws for hands.
Your metabolism is lightning-fast.
You like to eat raw meat.
Your natural rate of healing is unusually fast.
You are covered in fur. (AC +1)
You have very tough skin. (AC +2)


Message History

The two-headed ogre closely misses you.
The two-headed ogre hits you with a giant club!
You claw the two-headed ogre!
The two-headed ogre is lightly wounded.
You claw the two-headed ogre!
The two-headed ogre is moderately wounded.
The two-headed ogre hits you with a giant club!
The two-headed ogre hits you with a giant club!!
You scratch the two-headed ogre.
The two-headed ogre is heavily wounded.
You block the two-headed ogre's attack.
The two-headed ogre hits you with a giant club!
You claw the two-headed ogre!
The two-headed ogre is severely wounded.
You closely miss the two-headed ogre.
The two-headed ogre is severely wounded.
The two-headed ogre hits you with a giant club!
* * * LOW HITPOINT WARNING * * *
The two-headed ogre hits you with a giant club!!
You die...

...##.......#
#......#....# .#
##..#..##...# .#
....#.......## .#
....###...)..# .#
.#......#....# .#
.# .....##...# .#
...#.......####O#
##.##.........@.#
#.....#...######
#.#..##..#
#........#
###...#### #.## #


You could see a two-headed ogre.

Vanquished Creatures
  A two-headed ogre (D:8)
  A spriggan (D:7)
  A black bear (D:7)
  2 phantoms
  An ice beast (D:7)
  2 necrophages (D:6)
  An ogre (D:5)
  A centaur (D:4)
  A big kobold (D:5)
  2 bullfrogs (D:7)
  A scorpion (D:7)
  The ghost of Giliarius the Twirler, a weakling DsGl of Makhleb (D:3)
  2 howler monkeys
  2 jellies
  A centaur zombie (Ossuary)
  An orc priest (D:6)
  5 hounds
  7 orc wizards
  Terence (D:3)
  A human zombie (Ossuary)
  Natasha (thrice) (D:4)
  6 worker ants
  A big kobold zombie (Ossuary)
  2 hound zombies (D:5)
  3 mummies (Ossuary)
  6 gnolls
  5 adders
  2 shadow imps
  4 oozes
  2 worms (D:2)
  3 dart slugs
  5 leopard geckos
  18 orcs
  9 bats
  7 giant cockroaches
  3 gnoll zombies (Ossuary)
  8 goblins
  7 hobgoblins
  2 quokkas
  2 ball pythons (D:1)
  5 frilled lizards
  A goblin zombie (Ossuary)
  A hobgoblin zombie (Ossuary)
  2 jackal skeletons
  14 kobolds
  A quokka skeleton (D:4)
  2 quokka zombies (D:4)
  10 rats
169 creatures vanquished.

Notes
Turn   | Place    | Note
-------+----------+-------------------------------------------
     0 | D:1      | krawu420 the Troll Berserker began the quest for the Orb.
     0 | D:1      | Reached XP level 1. HP: 22/22 MP: 0/0
    44 | D:1      | Reached XP level 2. HP: 26/29 MP: 1/1
   210 | D:1      | Reached ** piety under Trog
   235 | D:1      | Reached XP level 3. HP: 26/36 MP: 2/2
   946 | D:2      | Reached skill level 4 in Unarmed Combat
   981 | D:2      | Reached XP level 4. HP: 38/44 MP: 3/3
  1897 | D:3      | Noticed Terence
  1916 | D:3      | Killed Terence
  1916 | D:3      | Reached skill level 1 in Armour
  1916 | D:3      | Reached XP level 5. HP: 32/50 MP: 4/4
  1947 | D:3      | Noticed Giliarius's ghost (weakling DsGl)
  1956 | D:3      | Killed Giliarius's ghost
  1956 | D:3      | Reached skill level 5 in Unarmed Combat
  2738 | D:4      | Found a white marble altar of Elyvilon.
  2756 | D:4      | Noticed Natasha
  2762 | D:4      | Killed Natasha
  2825 | D:4      | Found a sand-covered staircase.
  2832 | Ossuary  | Entered an ossuary
  2853 | Ossuary  | Reached *** piety under Trog
  2859 | Ossuary  | Reached XP level 6. HP: 59/59 MP: 5/5
  2931 | Ossuary  | Reached skill level 6 in Unarmed Combat
  3082 | D:4      | Noticed Natasha
  3087 | D:4      | Killed Natasha
  3420 | D:4      | Reached XP level 7. HP: 66/67 MP: 6/6
  3478 | D:4      | Noticed Natasha
  3489 | D:4      | Killed Natasha
  3648 | D:4      | Reached skill level 7 in Unarmed Combat
  3663 | D:4      | Found a deep blue altar of Sif Muna.
  3905 | D:5      | Entered Level 5 of the Dungeon
  4142 | D:5      | Reached **** piety under Trog
  4155 | D:5      | Found Atariy's Jewellery Shoppe.
  4201 | D:5      | Found a staircase to the Ecumenical Temple.
  4213 | D:5      | Reached skill level 1 in Stealth
  4227 | D:5      | Received a gift from Trog
  4235 | D:5      | Reached skill level 8 in Unarmed Combat
  4240 | Temple   | Entered the Ecumenical Temple
  4450 | D:5      | Reached XP level 8. HP: 60/75 MP: 7/7
  4978 | D:6      | Noticed a dagger
  4979 | D:6      | Noticed a dagger
  4980 | D:6      | Found a hide-covered altar of Uskayaw.
  5251 | D:6      | Reached skill level 9 in Unarmed Combat
  5426 | D:6      | You fall through a shaft!
  5439 | D:7      | Found a bloodstained altar of Trog.
  6164 | D:7      | Reached skill level 10 in Unarmed Combat
  6164 | D:7      | Reached XP level 9. HP: 83/83 MP: 8/8
  6612 | D:8      | Found a basalt altar of Yredelemnul.
  6619 | D:8      | Found a snail-covered altar of Cheibriados.
  6637 | D:8      | Noticed a two-headed ogre
  6646 | D:8      | Killed a two-headed ogre
  6826 | D:8      | Reached skill level 11 in Unarmed Combat
  6828 | D:8      | Noticed a two-headed ogre
  6833 | D:8      | Mangled by a two-headed ogre

Skill      XL: |  1  2  3  4  5  6  7  8  9 |
---------------+----------------------------+-----
Unarmed Combat | 4 5 6 8 10 11 | 11.0
Armour         | 1 2 3 4 |  4.0
Fighting       | 3 |  3.4
Dodging        | 3 4 |  4.2
Stealth        | 1 |  1.4

Action                   |  1- 3 |  4- 6 |  7- 9 || total
-------------------------+-------+-------+-------++-------
Melee: Unarmed           |   104 |   140 |   208 ||   452
       Punch             |     1 |     4 |     5 ||    10
Invok: Berserk           |       |     1 |       ||     1
  Use: Scroll            |       |     8 |     7 ||    15
       Potion            |       |     1 |       ||     1
 Stab: Sleeping          |       |     2 |     1 ||     3
  Eat: Chunk             |     3 |    12 |     9 ||    24
       Meat ration       |     1 |       |       ||     1
       Royal jelly       |       |     2 |       ||     2
       Bread ration      |       |     1 |     5 ||     6
Armor: Animal skin       |    26 |    39 |    45 ||   110
Dodge: Dodged            |    34 |    36 |    79 ||   149
Block: Other             |       |       |     8 ||     8
